 Dungeon Crawl Stone Soup version 0.28-a0-1613-gdaab1c2f9b (webtiles) character file.

Game seed: 6791247171729687671

8742 funkygono the Arsonist (level 11, -14/56 HPs)
             Began as a Gargoyle Fire Elementalist on Jan 21, 2022.
             Was a Believer of Vehumet.
             Demolished by a two-headed ogre (19 damage)
             ... on level 9 of the Dungeon.
             The game lasted 00:21:33 (10182 turns).

funkygono the Arsonist (GrFE)                      Turns: 10182, Time: 00:21:33

Health: -14/56     AC: 17    Str: 15    XL:     11   Next: 35%
Magic:  24/34      EV: 12    Int: 19    God:    Vehumet [**....]
Gold:   1232       SH:  0    Dex: 10    Spells: 18/31 levels left

rFire   + . .      SeeInvis +   x - +2 mace (protect)
rCold   + . .      Faith    .   (no shield)
rNeg    + . .      Spirit   .   b - +2 robe {Archmagi}
rPois   ∞          Reflect  .   H - +2 hat {SInv}
rElec   +          Harm     .   k - +1 cloak
rCorr   .          Rampage  .   (no gloves)
Will    .....      Archmagi +   F - +0 pair of boots of Masaivi {rElec rF+ rC+ Str+2}
Stlth   ++........              (no amulet)
HPRegen 0.18/turn               l - ring of magical power
MPRegen 0.24/turn               u - ring of wizardry

@: no status effects
A: sickness immunity, AC +8, negative energy resistance 1, electricity
resistance, torment resistance 1, petrification resistance
a: Renounce Religion


You were on level 9 of the Dungeon.
You worshipped Vehumet.
Vehumet was pleased with you.
You visited 2 branches of the dungeon, and saw 10 of its levels.

You collected 1232 gold pieces.

Inventory:

Hand Weapons
 c - a +0 whip of protection
 d - a +2 mace of holy wrath
 g - the +8 long sword of Felodgh {freeze, rPois Str+6 Int-4}
   (You found it on level 5 of the Dungeon)

   It freezes those it strikes, dealing additional cold damage.
   It can also slow down cold-blooded creatures.
   Str:       It affects your strength (+6).
   Int:       It affects your intelligence (-4).
   rPois:     It protects you from poison.
 n - the +7 hand axe "Petzepsa" {flame, Fly SInv}
   (You found it on level 2 of the Dungeon)

   It burns those it strikes, dealing additional fire damage.
   Big, fiery blades are also staple armaments of hydra-hunters.
   SInv:      It lets you see invisible.
   Fly:       It grants you flight.
 o - a +1 whip of flaming
 x - a +2 mace of protection (weapon)
Missiles
 a - 4 throwing nets
 h - 270 stones
Armour
 b - a +2 robe of the Archmagi (worn)
 i - a +0 pair of boots
 k - a +1 cloak (worn)
 p - a +0 helmet
 s - a +0 troll leather armour
 v - the +1 robe of Siaqim {Str+4}
   (You found it on level 6 of the Dungeon)

   Str:       It affects your strength (+4).
 C - a +2 robe of willpower
 F - the +0 pair of boots of Masaivi (worn) {rElec rF+ rC+ Str+2}
   (You found it on level 9 of the Dungeon)

   Str:       It affects your strength (+2).
   rF:        It protects you from fire.
   rC:        It protects you from cold.
   rElec:     It insulates you from electricity.
 H - a +2 hat of see invisible (worn)
Jewellery
 l - a ring of magical power (left hand)
 u - a ring of wizardry (right hand)
 y - a ring of protection from fire
Wands
 f - a wand of flame (24)
 j - a wand of paralysis (12)
 z - a wand of iceblast (9)
 A - a wand of mindburst (6)
Scrolls
 m - a scroll of identify
 q - 4 scrolls of teleportation
 r - a scroll of brand weapon
Potions
 e - 2 potions of curing
 t - a potion of mutation
 w - a potion of might
 B - a potion of flight
 D - a potion of haste
 E - 2 potions of ambrosia {unknown}
 G - a potion of brilliance {unknown}


   Skills:
 + Level 1.4 Fighting
 + Level 0.2 Axes
 + Level 3.3 Armour
 + Level 2.7 Dodging
 - Level 2.1 Stealth
 * Level 10.5 Spellcasting
 * Level 7.8 Conjurations
 * Level 10.8 Fire Magic


You had 18 spell levels left.
You knew the following spells:

 Your Spells              Type           Power      Damage    Failure   Level
a - Foxfire               Conj/Fire      100%       2x1d9     1%          1
b - Scorch                Fire           100%       2d10      1%          2
c - Conjure Flame         Conj/Fire      62%        6-21      1%          3
d - Flame Wave            Conj/Fire      62%        2d12      1%          4
e - Shock                 Conj/Air       100%       1d9       1%          1
f - Static Discharge      Conj/Air       37%        N/A       1%          2

Your spell library contained the following spells:

 Spells                   Type           Power      Damage    Failure   Level
 Searing Ray              Conj           100%       2d8       1%          2
 Ignite Poison            Fire/Tmut/Pois 35%        N/A       1%          3
 Inner Flame              Hex/Fire       45%        N/A       1%          3
 Apportation              Tloc           30%        N/A       2%          1
 Mephitic Cloud           Conj/Pois/Air  29%        N/A       3%          3
 Call Canine Familiar     Summ           15%        N/A       9%          3
 Frozen Ramparts          Ice            30%        1d5       9%          3
 Portal Projectile        Hex/Tloc       30%        N/A       9%          3
 Irradiate                Conj/Tmut      18%        3d19      16%         5
 Ice Form                 Ice/Tmut       15%        N/A       26%         4
 Leda's Liquefaction      Hex/Erth       7%         N/A       26%         4
 Petrify                  Tmut/Erth      15%        N/A       26%         4
 Summon Ice Beast         Ice/Summ       15%        N/A       26%         4
 Freezing Cloud           Conj/Ice/Air   14%        6-21      26%         5
 Alistair's Intoxication  Tmut/Pois      10%        N/A       58%         5
 Sublimation of Blood     Necr           Unusable   N/A       N/A         2

Dungeon Overview and Level Annotations

Branches:
Dungeon (9/15)             Temple (1/1) D:5
   Lair: D:8-11         Orc: D:9-12

Altars:
Ashenzari
Cheibriados
Dithmenos
Elyvilon
Fedhas
Gozag
Hepliaklqana
Kikubaaqudgha
Makhleb
Nemelex Xobeh
Okawaru
Qazlal
Ru
Sif Muna
Trog
Uskayaw
Vehumet
Wu Jian
Xom
Yredelemnul
Zin
The Shining One

Shops:
D:6 *


Innate Abilities, Weirdness & Mutations

You are immune to sickness and miasma.
Your stone body is resilient. (AC +8)
You are immune to poison.
You resist negative energy. (rN+)
You are resistant to electric shocks. (rElec)
You are resistant to unholy torment.
You are immune to petrification.


Message History

The centaur warrior hits you.
The centaur warrior kicks you but does no damage.
The two-headed ogre hits you with a +0 giant club!!
* * * LOW HITPOINT WARNING * * *
The two-headed ogre barely misses you.
A wave of flame ripples out!
The flame wave engulfs the two-headed ogre!
The two-headed ogre is heavily wounded.
The flame wave engulfs the centaur warrior!!
The centaur warrior is heavily wounded.
The centaur warrior hits you.
* * * LOW HITPOINT WARNING * * *
The centaur warrior kicks you but does no damage.
The centaur warrior hits you but does no damage.
The centaur warrior kicks you but does no damage.
A wave of flame ripples out!
The flame wave engulfs the two-headed ogre.
The two-headed ogre is heavily wounded.
The flame wave engulfs the centaur warrior!
The centaur warrior is severely wounded.
You finish channelling waves of flame.
The two-headed ogre barely misses you.
The two-headed ogre hits you with a +0 giant club.
* * * LOW HITPOINT WARNING * * *
The centaur warrior barely misses you.
The centaur warrior kicks you but does no damage.
Casting: Flame Wave (dangerous; 1% risk of failure)
Confirm with . or Enter, or press ? or * to list all spells.
Casting: Flame Wave (dangerous; 1% risk of failure)
Press: ? - help, Dir - look around, f - activate You feel a surge of power!
A wave of flame ripples out!
The flame wave engulfs the two-headed ogre!
The two-headed ogre is almost dead.
The flame wave engulfs the centaur warrior but does no damage.
The centaur warrior is severely wounded. (Press . to intensify the flame waves.)
The centaur warrior hits you!
* * * LOW HITPOINT WARNING * * *
The centaur warrior closely misses you.
The two-headed ogre hits you with a +0 giant club!!
You die...

#...............####
###...##
#...............#
..#..##
##.............## ##.
#### #.............#
..# #.............#
..# #.............#
..#
##............#####.#
#................†.#
#...........@O....##
# #............c...##
# .........)#.## ##
..........#.# .##
.........##.# ..#
........###.# ..##
#####..## ..# ...##
### #.. #...#


You could see a centaur warrior and a two-headed ogre.

Vanquished Creatures
  Gastronok (D:9)
  Harold (D:8)
  A centaur warrior (D:8)
  Erica (D:8)
  Maurice (D:9)
  Psyche (D:8)
  Sigmund (D:4)
  A wyvern (D:9)
  A wraith (D:8)
  9 yaks
  A vampire mosquito (D:9)
  2 water moccasins
  2 sky beasts
  2 ogres (D:6)
  2 necrophages
  3 orc warriors
  A black bear (D:6)
  A centaur (D:7)
  A phantom (D:4)
  4 kobold brigands
  2 bullfrogs (D:7)
  A gnoll sergeant (D:6)
  2 water moccasin zombies
  9 killer bees
  5 wights (D:9)
  4 electric eels (D:6)
  2 centaur zombies (D:9)
  A jelly (D:5)
  2 bullfrog zombies
  A hound (D:6)
  2 orc priests (D:6)
  2 centaur skeletons
  Jessica (D:2)
  A bullfrog skeleton (D:4)
  9 orc wizards
  Ijyb (D:3)
  An iguana (D:4)
  Natasha (twice) (D:4)
  A killer bee zombie (D:6)
  6 gnolls
  6 adders
  2 adder skeletons (D:4)
  2 dart slugs
  20 orcs
  4 endoplasms
  9 hobgoblins
  2 quokkas (D:5)
  6 ball pythons
  4 bats
  2 frilled lizards (D:3)
  12 goblins
  21 kobolds
  5 rats
187 creatures vanquished.

Vanquished Creatures (collateral kills)
  2 foxfires (D:6)
2 creatures vanquished.

Vanquished Creatures (others)
  An orc (D:3)
  A frilled lizard (D:3)
  2 demonic plants (D:3)
  652 foxfires
  3 fungi (D:4)
  5 plants (D:6)
664 creatures vanquished.

Grand Total: 853 creatures vanquished

Notes
Turn   | Place    | Note
-------+----------+-------------------------------------------
     0 | D:1      | funkygono the Gargoyle Fire Elementalist began the quest
                  | for the Orb.
     0 | D:1      | Reached XP level 1. HP: 10/10 MP: 3/3
   262 | D:1      | Reached XP level 2. HP: 11/15 MP: 0/5
   265 | D:1      | Learned a level 2 spell: Scorch
  1037 | D:2      | Noticed Jessica
  1042 | D:2      | Killed Jessica
  1043 | D:2      | Reached XP level 3. HP: 19/19 MP: 0/6
  1047 | D:2      | Learned a level 3 spell: Conjure Flame
  1363 | D:2      | You fall into a shaft and drop 1 floor!
  1375 | D:3      | Reached XP level 4. HP: 24/24 MP: 4/8
  1770 | D:2      | Identified the +7 hand axe "Petzepsa" {flame, Fly SInv}
  2001 | D:3      | Noticed Ijyb
  2015 | D:3      | Killed Ijyb
  2287 | D:3      | Reached XP level 5. HP: 21/28 MP: 10/10
  2712 | D:3      | Found a faded altar of an unknown god.
  2977 | D:4      | Learned a level 4 spell: Flame Wave
  3069 | D:4      | Reached skill level 5 in Fire Magic
  3131 | D:4      | Noticed Sigmund
  3137 | D:4      | Killed Sigmund
  3138 | D:4      | Reached XP level 6. HP: 32/32 MP: 12/12
  3552 | D:4      | Noticed Natasha
  3553 | D:4      | Reached XP level 7. HP: 36/36 MP: 13/13
  3554 | D:4      | Killed Natasha
  3714 | D:4      | Noticed Natasha
  3749 | D:4      | Killed Natasha
  3991 | D:4      | Found a bloodstained altar of Trog.
  3992 | D:4      | Found an opulent altar of Gozag.
  4168 | D:4      | Reached skill level 5 in Spellcasting
  4179 | D:4      | Found an iron altar of Okawaru.
  4375 | D:5      | Entered Level 5 of the Dungeon
  4464 | D:5      | Found a staircase to the Ecumenical Temple.
  4550 | Temple   | Entered the Ecumenical Temple
  4628 | Temple   | Became a worshipper of Vehumet
  4906 | D:5      | Reached skill level 1 in Armour
  4906 | D:5      | Reached XP level 8. HP: 41/41 MP: 16/16
  5024 | D:5      | Identified the +8 long sword of Felodgh {freeze, rPois
                  | Str+6 Int-4}
  5342 | D:6      | Found Jolorch's General Store.
  5448 | D:6      | Identified the +1 robe of Siaqim {Str+4}
  5910 | D:6      | Reached XP level 9. HP: 3/45 MP: 8/19
  5913 | D:6      | HP: 1/45 [gnoll sergeant (2)]
  6206 | D:6      | Found a blossoming altar of Fedhas.
  6274 | D:6      | Reached * piety under Vehumet
  6274 | D:6      | Offered knowledge of Shock by Vehumet.
  6508 | D:6      | Learned a level 1 spell: Shock
  6747 | D:7      | Reached skill level 5 in Conjurations
  7363 | D:7      | Reached XP level 10. HP: 46/51 MP: 22/22
  7408 | D:8      | Reached skill level 1 in Fighting
  7835 | D:8      | Noticed a centaur warrior
  7839 | D:8      | Killed a centaur warrior
  7839 | D:8      | Reached ** piety under Vehumet
  7839 | D:8      | Offered knowledge of Static Discharge by Vehumet.
  7885 | D:8      | Noticed Harold
  7891 | D:8      | Noticed Erica
  7902 | D:8      | Killed Erica
  7906 | D:8      | Killed Harold
  7907 | D:8      | Reached skill level 10 in Fire Magic
  8668 | D:8      | Noticed Psyche
  8671 | D:8      | Killed Psyche
  8991 | D:8      | Identified a scroll of acquirement
  8992 | D:8      | Acquired 778 gold pieces
  8997 | D:8      | Learned a level 2 spell: Static Discharge
  9135 | D:9      | Noticed Maurice
  9137 | D:9      | Reached XP level 11. HP: 51/56 MP: 24/24
  9145 | D:9      | Killed Maurice
  9151 | D:9      | Reached skill level 10 in Spellcasting
  9275 | D:9      | Identified the +0 pair of boots of Masaivi {rElec rF+ rC+
                  | Str+2}
  9657 | D:9      | Noticed Gastronok
  9676 | D:9      | Killed Gastronok
  9864 | D:9      | Offered knowledge of Searing Ray by Vehumet.
 10167 | D:9      | Noticed a two-headed ogre
 10170 | D:9      | Noticed a centaur warrior
 10182 | D:9      | Demolished by a two-headed ogre

Illustrated notes

Levels and vault maps discovered:
D:1:      eino_arrival_water_cross, layout_loops_ring
D:2:      layout_loops_ring, uniq_jessica
D:3:      layout_basic, dreamdust_ecumenical_altar_sealed_demon,
          lemuel_old_faithful, uniq_ijyb
D:4:      layout_loops_ring, mainiacjoe_overflow_big_doors,
          okawaru_altar_gauntlet_db, minmay_misc_feat_hallway,
          chequers_hall_statues_corner_a, uniq_sigmund, uniq_natasha
D:5:      layout_rooms, temple_hall, minmay_misc_feat_enclosed
D:6:      layout_basic, mainiacjoe_overflow_cross_hatched, serial_shops, shop,
          st_stairs_13, minmay_misc_feat_chi, serial_bayou_lake_a
D:7:      layout_cave_pools
D:8:      layout_cave_pods, enter_bailey_5, minmay_three_doors, uniq_psyche,
          uniq_erica, uniq_harold
D:9:      minmay_blocky_corners, layout_cave_pods, kennysheep_generic_room_12,
          uniq_gastronok, uniq_maurice
Temple:   regret_index_temple_mists

Skill      XL: |  1  2  3  4  5  6  7  8  9 10 11 |
---------------+----------------------------------+-----
Spellcasting   | 3 4 5 6 8 9 10 | 10.5
Fire Magic     | 4 5 6 7 8 10 | 10.8
Conjurations   | 2 3 4 6 7 |  7.8
Armour         | 1 2 3 |  3.3
Dodging        | 2 |  2.7
Fighting       | 1 |  1.4
Axes           | |  0.2
Stealth        | |  2.1

Action                   |  1- 3 |  4- 6 |  7- 9 | 10-12 || total
-------------------------+-------+-------+-------+-------++-------
Melee: Club              |     3 |       |       |       ||     3
       Hand axe          |       |     8 |    10 |     2 ||    20
       Mace              |       |     4 |       |       ||     4
 Cast: Foxfire           |    33 |    71 |   157 |   120 ||   381
       Scorch            |     3 |    14 |    35 |    48 ||   100
       Flame Wave        |       |       |     6 |    11 ||    17
  Use: Scroll            |       |     4 |     9 |     2 ||    15
       Potion            |       |       |     1 |     1 ||     2
Armor: Robe              |     4 |     5 |       |    15 ||    24
       Leather armour    |       |     1 |       |       ||     1
       Troll leather arm |       |       |    46 |    18 ||    64
Dodge: Dodged            |     2 |     8 |    53 |    32 ||    95

Table legend: (Time is in decaauts)
 A = Elapsed time spent in this place.
 B = Non-inter-level travel time spent in this place.
 C = Inter-level travel time spent in this place.
 D = Time resting spent in this place.
 E = Time spent auto-exploring this place.
 F = Levels seen in this place.
 G = Mean time per level.
                   A        B        C        D        E       F      G
               +--------+--------+--------+--------+--------+-----+--------+
         Total |  10189 |   9993 |    196 |    601 |   7438 |  10 | 1018.9 |
       Dungeon |  10027 |   9851 |    176 |    601 |   7317 |   9 | 1114.1 |
        Temple |    161 |    142 |     19 |      0 |    121 |   1 |  161.0 |
               +--------+--------+--------+--------+--------+-----+--------+

Top non-repeatable levels by time:
     D:8: 1683 daAuts
     D:6: 1407 daAuts
     D:4: 1403 daAuts
     D:9: 1136 daAuts
     D:3: 1115 daAuts
     D:1: 1004 daAuts
     D:2: 854 daAuts
     D:7: 846 daAuts
     D:5: 576 daAuts
  Temple: 161 daAuts
